 Dungeon Crawl Stone Soup version 0.31-a0-204-g7da18cac08 (webtiles) character file.

Game seed: 8658154912618989965

201 ketsa the Chopper (level 5, -8/45 HPs)
             Began as a Minotaur Fighter on June 27, 2023.
             Mangled by an ogre
             ... wielding a +0 giant club
              (19 damage)
             ... on level 4 of the Dungeon.
             The game lasted 00:04:44 (2229 turns).

ketsa the Chopper (Minotaur Fighter)                Turns: 2229, Time: 00:04:44

Health: -8/45      AC:  6    Str: 23    XL:     5   Next: 50%
Magic:  4/4        EV:  9    Int:  5    God:
Gold:   128        SH:  4    Dex:  9    Spells: 4/4 levels left

rFire   . . .        a - +0 war axe
rCold   . . .        c - +0 buckler
rNeg    . . .        b - +0 scale mail
rPois   +            (helmet restricted)
rElec   .            (no cloak)
rCorr   .            (no gloves)
SInv    .            (no boots)
Will    .....        (no amulet) Stlth
                     r - ring of poison resistance
HPRegen 0.27/turn    (no ring)
MPRegen 0.09/turn

%: no passive effects
@: mighty
A: horns 2, retaliatory headbutt
a: no special abilities


You were on level 4 of the Dungeon.
You visited 1 branch of the dungeon, and saw 4 of its levels.

You collected 128 gold pieces.

Inventory:

Hand Weapons
 a - a +0 war axe (weapon)
Missiles
 q - 5 poisoned darts
Armour
 b - a +0 scale mail (worn)
 c - a +0 buckler (worn)
Jewellery
 n - an amulet of faith
 o - a ring of magical power
 r - a ring of poison resistance (left hand)
Wands
 p - a wand of polymorph (11)
Scrolls
 e - a scroll of poison {unknown}
 f - 3 scrolls of teleportation {unknown}
 g - 6 scrolls of identify {unknown}
 i - a scroll of torment {unknown}
 j - 2 scrolls of blinking {unknown}
 k - a scroll of fog {unknown}
 l - 2 scrolls of amnesia {unknown}
 m - a scroll of enchant weapon {unknown}
 s - a scroll of immolation {unknown}
Potions
 h - a potion of enlightenment {unknown}


   Skills:
 - Level 3.6 Fighting
 * Level 5.9 Axes
 - Level 3.6 Armour
 + Level 5.2 Shields


You had 4 spell levels left.
You didn't know any spells.
Your spell library contained the following spells:

 Spells                   Type           Power      Damage    Failure   Level
 Beastly Appendage        Tmut           0%         N/A       85%         1
 Necrotise                Necr           0%         1d4       85%         1
 Wereblood                Tmut           0%         N/A       94%         2
 Spider Form              Tmut/Pois      0%         N/A       99%         3
 Vampiric Draining        Necr           0%         2d6       99%         3
 Agony                    Necr           0%         N/A       100%        5


Dungeon Overview and Level Annotations

Branches:
Dungeon (4/15)
 Temple: D:4-7

Altars:
Xom

Annotations:
D:2 Sigmund


Innate Abilities, Weirdness & Mutations

You have a pair of horns on your head.
You reflexively headbutt those who attack you in melee.


Message History

The ogre shouts! 3 orcs come into view.
The orc shouts! x3; You hear an angry hiss.
The orc throws a boomerang.
The boomerang closely misses you.
An orc priest comes into view. It is wielding a +0 hand axe.
The orc priest shouts!
An adder comes into view.
Found 12 gold pieces.
You see here 12 gold pieces.
The orc attacks as you move away! The orc barely misses you.
The orc attacks as you move away! The orc hits you but does no damage.
You closely miss the orc. The orc hits you with a +0 short sword.
You closely miss the orc. The orc hits you with a +0 short sword.
You hit the orc.
The orc is lightly wounded.
You block the orc's attack.
You slash the orc!
You kill the orc!
The adder bites you.
You miss the adder. The adder bites you but does no damage.
You closely miss the adder. The adder completely misses you.
The adder bites you but does no damage.
You miss the adder. The adder closely misses you. The adder bites you.
You barely miss the adder. Your headbutt misses the adder. The adder bites you.
You slash the adder!
You kill the adder!
The orc priest begins to cast a cantrip, but forgets the words!
You block the ogre's attack.
Things that are here:
a +0 short sword; an adder corpse; an orc corpse You barely miss the ogre.
Your headbutt misses the ogre. You barely miss the ogre.
The ogre hits you with a +0 giant club!!
Ouch! That really hurt!
* * * LOW HITPOINT WARNING * * *
You closely miss the ogre. Your headbutt misses the ogre.
The ogre closely misses you.
You feel very mighty all of a sudden.
The ogre hits you with a +0 giant club!!
You die...

....# ######. ..####...#
#...... . .........#
#.##### .. #...# # ...
#.#.### # ...o####.#.oo#
..o......###o# #.#
.........# #O# #.#
###.###.## #@# #.# #.###O#
#.# #.# #.....# #.# #.#
####..# ##.## #.#
#..###...#########.#
.#######..##.....#........#
.......#.........†.##.###.#
#...........####.# #.#
#..###.#...## #.# #.#


You could see an ogre, an orc priest and 2 orcs.

Vanquished Creatures
  An orc priest (D:2)
  3 gnolls (D:2)
  5 adders
  2 worms
  2 dart slugs
  7 orcs
  7 ball pythons
  6 bats
  6 endoplasms
  7 giant cockroaches
  2 goblins
  8 hobgoblins
  6 jackals
  4 kobolds
  2 quokkas
  4 frilled lizards (D:2)
  7 rats
79 creatures vanquished.

Notes
Turn   | Place    | Note
-------+----------+-------------------------------------------
     0 | D:1      | ketsa the Minotaur Fighter began the quest for the Orb.
     0 | D:1      | Reached XP level 1. HP: 19/19 MP: 0/0
    13 | D:1      | Reached XP level 2. HP: 26/26 MP: 1/1
   323 | D:1      | Reached XP level 3. HP: 31/31 MP: 2/2
   389 | D:1      | Found a faded altar of an unknown god.
   579 | D:2      | Reached XP level 4. HP: 27/39 MP: 3/3
   664 | D:2      | Reached skill level 5 in Axes
   934 | D:2      | Noticed Sigmund
  1176 | D:3      | Reached XP level 5. HP: 45/45 MP: 4/4
  1255 | D:3      | Reached skill level 5 in Shields
  1701 | D:3      | Found an ornate altar of the Wu Jian Council.
  1703 | D:3      | Found a shadowy altar of Dithmenos.
  1703 | D:3      | Found a shimmering altar of Xom.
  1705 | D:3      | Found an ancient bone altar of Kikubaaqudgha.
  1705 | D:3      | Found a shimmering altar of Xom.
  1705 | D:3      | Found a sacrificial altar of Ru.
  2197 | D:4      | Noticed an ogre
  2229 | D:4      | Mangled by an ogre

Illustrated notes

Levels and vault maps discovered:
D:1:      eino_arrival_water_cross, layout_rooms,
          shapermc_ecumenical_altar_ellora
D:2:      layout_basic, serial_glass, glass_columns_c, glass_columns_a,
          uniq_sigmund
D:3:      layout_basic, doesnt_xom_only_xom
D:4:      layout_loops_ring

Skill      XL: |  1  2  3  4  5 |
---------------+----------------+-----
Axes           | 3 4 5 |  5.9
Shields        | 4 5 |  5.2
Fighting       | |  3.6
Armour         | |  3.6

Action                     |  1- 3 |  4- 6 || total
---------------------------+-------+-------++-------
  Melee: War axe           |    53 |   121 ||   174
         Headbutt          |     5 |    14 ||    19
    Use: Potion            |       |     1 ||     1
 Armour: Scale mail        |    17 |    44 ||    61
  Dodge: Dodged            |    29 |    51 ||    80
  Block: Buckler           |     9 |    32 ||    41

Table legend: (Time is in decaauts)
 A = Elapsed time spent in this place.
 B = Non-inter-level travel time spent in this place.
 C = Inter-level travel time spent in this place.
 D = Time resting spent in this place.
 E = Time spent auto-exploring this place.
 F = Levels seen in this place.
 G = Mean time per level.
                   A        B        C        D        E       F      G
               +--------+--------+--------+--------+--------+-----+--------+
         Total |   2278 |   2184 |     94 |    126 |   1405 |   4 |  569.5 |
       Dungeon |   2278 |   2184 |     94 |    126 |   1405 |   4 |  569.5 |
               +--------+--------+--------+--------+--------+-----+--------+

Top non-repeatable levels by time:
     D:3: 878 daAuts
     D:1: 576 daAuts
     D:4: 420 daAuts
     D:2: 402 daAuts
